 Dungeon Crawl Stone Soup version 0.31-a0-1001-g770356a (webtiles) character file.

Game seed: 2723095192895943149

(classic levelgen) 114716 Partyfoot the Thaumaturge (level 16, -3/134 HPs)
             Began as a Pale Draconian Conjurer on Apr 13, 2019.
             Was a High Priest of Vehumet.
             Succumbed to Aizul's bolt of poison
             ... on level 1 of the Swamp on Nov 8, 2023.
             The game lasted 05:08:55 (46608 turns).

Partyfoot the Thaumaturge (DrCj)                   Turns: 46608, Time: 05:08:55

Health: -3/134     AC: 16    Str: 11    XL:     16   Next: 17%
Magic:  32/32      EV: 12    Int: 22    God:    Vehumet [*****.]
Gold:   886        SH: 15    Dex: 12    Spells: 9/39 levels left

rFire   . . .        N - +7 whip (elec)
rCold   . . .        S - +0 tower shield
rNeg    . . .        (body armour unavailable)
rPois   .            h - +2 hat
rElec   .            t - +1 cloak
rCorr   .            o - +1 pair of gloves
SInv    +            z - +0 pair of boots
Will    +....        d - amulet of the acrobat
Stlth   ++           L - ring of wizardry
HPRegen 0.42/turn    m - ring of see invisible
MPRegen 0.23/turn

%: acrobat, wizardry (x1)
@: lethally poisoned (-3 -> -55), very slow
A: breathe steam, AC +9, unfitting armour, cold-blooded, steam resistance
a: Breathe Steam, Renounce Religion


You were on level 1 of the Swamp.
You worshipped Vehumet.
Vehumet was extremely pleased with you.
You visited 5 branches of the dungeon, and saw 27 of its levels.
You also visited: Ossuary, Bailey and Gauntlet.

You collected 2706 gold pieces.
You spent 1820 gold pieces at shops.

Inventory:

Hand Weapons
 x - a +2 morningstar of protection
 N - a +7 whip of electrocution (weapon)
Missiles
 a - 796 stones (quivered)
 C - 2 throwing nets
 W - 41 boomerangs
Armour
 h - a +2 hat (worn)
 o - a +1 pair of gloves (worn)
 t - a +1 cloak (worn)
 z - a +0 pair of boots (worn)
 P - a +0 buckler
 S - a +0 tower shield (worn)
Magical Staves
 F - a staff of air
Jewellery
 d - an amulet of the acrobat (around neck)
 m - a ring of see invisible (right hand)
 n - a ring of resist corrosion
 L - a ring of wizardry (left hand)
 O - a ring of protection from fire
Wands
 c - a wand of removedness (5)
 e - a wand of flame (24)
 r - a wand of iceblast (12)
 E - a wand of removedness (4)
 G - a wand of digging (3)
 R - a wand of charming (23)
Scrolls
 k - 2 scrolls of teleportation
 q - 2 scrolls of enchant weapon
 s - 8 scrolls of identify
 v - 15 scrolls of removedness
 w - 8 scrolls of revelation
 y - a scroll of fear
 B - 3 scrolls of fog
 D - 8 scrolls of amnesia
 H - 4 scrolls of blinking
 I - 2 scrolls of enchant armour
 V - 3 scrolls of holy word
Potions
 f - a potion of curing
 g - 6 potions of haste
 i - 4 potions of attraction
 j - 6 potions of might
 l - 7 potions of enlightenment
 p - 3 potions of brilliance
 u - 2 potions of invisibility
 A - 4 potions of heal wounds
 J - a potion of lignification
 K - 2 potions of cancellation
 M - a potion of magic {unknown}
 Q - 2 potions of mutation
 T - 2 potions of resistance
Comestibles
 b - 25 removed foods
 U - 5 removed foods


   Skills:
 - Level 10.2 Fighting
 - Level 9.7 Maces & Flails
 - Level 9.4 Dodging
 - Level 8.0 Stealth
 + Level 9.6 Shields
 + Level 12.4 Spellcasting
 - Level 9.0 Conjurations
 + Level 5.1 Summonings
 - Level 2.0 Translocations
 - Level 8.0 Fire Magic
 + Level 8.9 Ice Magic
 + Level 9.7 Air Magic


You had 9 spell levels left.
You knew the following spells:

 Your Spells              Type           Power      Damage    Failure   Level
a - Magic Dart            Conj           100%       1d8       1%          1
b - Iskenderun's Mystic   Conj/Tloc      37%        2d9       6%          4
c - Fireball              Conj/Fire      25%        3d11      4%          5
e - Sticky Flame          Conj/Fire      50%        2d7       1%          4
f - Apportation           Tloc           44%        N/A       9%          1
g - Blink                 Tloc           44%        N/A       13%         2
h - Freezing Cloud        Conj/Ice/Air   26%        6-21      3%          5
i - Summon Lightning Spi  Summ/Air       46%        N/A       9%          4
j - Airstrike             Air            27%        2d(4-20)  1%          4

Your spell library contained the following spells:

 Spells                   Type           Power      Damage    Failure   Level
 Conjure Ball Lightning   Conj/Air       26%        3x3d7     16%         6
 Foxfire                  Conj/Fire      100%       2x1d9     1%          1
 Shock                    Conj/Air       100%       1d9       1%          1
 Searing Ray              Conj           100%       2d8       1%          2
 Static Discharge         Conj/Air       100%       3-8/arc   1%          2
 Mephitic Cloud           Conj/Pois/Air  41%        N/A       1%          3
 Swiftness                Air            54%        N/A       1%          3
 Summon Small Mammal      Summ           100%       N/A       2%          1
 Dazzling Flash           Conj/Hex       66%        N/A       2%          3
 Stone Arrow              Conj/Erth      66%        3d11      2%          3
 Call Imp                 Summ           72%        N/A       3%          2
 Inner Flame              Hex/Fire       31%        N/A       3%          3
 Lightning Bolt           Conj/Air       26%        1d42      3%          5
 Sandblast                Erth           26%        2d8       5%          1
 Call Canine Familiar     Summ           36%        N/A       8%          3
 Fulminant Prism          Conj/Hex       16%        3d10      9%          4
 Summon Ice Beast         Ice/Summ       44%        N/A       11%         4
 Animate Skeleton         Necr           26%        N/A       19%         1
 Slow                     Hex            52%        N/A       19%         1
 Summon Guardian Golem    Hex/Summ       24%        N/A       21%         3
 Passwall                 Tmut/Erth      10%        N/A       28%         2
 Metabolic Englaciation   Hex/Ice        16%        N/A       61%         5
 Ozocubu's Refrigeration  Ice            26%        4d13      65%         7
 Lee's Rapid Deconstruct  Erth           6%         3d6*      71%         5
 Petrify                  Tmut/Erth      13%        N/A       86%         4
 Simulacrum               Ice/Necr       16%        N/A       99%         6
 Haunt                    Necr/Summ      12%        N/A       100%        7
 Borgnjor's Revivificati  Necr           6%         N/A       100%        8
 Infestation              Necr           6%         N/A       100%        8
 Death's Door             Necr           6%         N/A       100%        9


Dungeon Overview and Level Annotations

Branches:
Dungeon (15/15)            Temple (0/1) D:5            Lair (6/6) D:11
  Swamp (1/4) Lair:2       Spider (3/4) Lair:4        Slime (0/5) Lair:6
    Orc (2/2) D:11            Elf (0/3) Orc:2        Vaults (0/5) D:13
 Depths (0/5) D:15

Altars:
Gozag
Okawaru
Ru
Trog
Vehumet
Wu Jian
Jiyva

Shops:
D:8 :   Orc:2 (=*!

Portals:
Trove: D:14 (give +7 demon blade)

Annotations:
D:3 2 transporters, elbee's ghost, weakling MiBe
D:7 3 runed translucent doors, elbee's ghost, novice MiBe
Lair:3 2 transporters, Vlans's ghost, journeyman DEFE
Swamp:1 Aizul
Spider:2 1 runed translucent door, edsrzf's ghost, adept TeFE


Innate Abilities, Weirdness & Mutations

You can breathe blasts of scalding, opaque steam.
Your pale cyan-grey scales are hard. (AC +9)
You cannot fit into any form of body armour.
You are cold-blooded and may be slowed by cold attacks.
You are immune to the effects of steam.


Message History

Your unstable footing causes you to fumble your attack.
You feel sick. You block the alligator's attack. The alligator misses you.
You block Aizul's attack.
Your unstable footing causes you to fumble your attack.
You feel sick. You block Aizul's attack. You block the alligator's attack.
The alligator completely misses you. The shadow hits you!
You hit the alligator.
The alligator is lightly wounded.
You feel sick. You block Aizul's attack. You block the alligator's attack. x2
Aizul coils herself and waves her upper body at you.
The bolt of poison hits you!
You are more poisoned.
The shadow hits you.
You barely miss the alligator.
The alligator is lightly wounded.
You feel very sick.
Aizul hisses menacingly.
Aizul hits you!
The alligator bites you but does no damage.
The alligator tail-slaps you but does no damage.
You block the shadow's attack.
You hit the alligator.
The alligator is lightly wounded.
You feel very sick.
Aizul says, "I wasn't actually sleeping!"
Aizul coils herself and waves her upper body at you.
The bolt of poison hits you!!
You are more poisoned.
* * * LOW HITPOINT WARNING * * *
The alligator bites you.
* * * LOW HITPOINT WARNING * * *
The alligator tail-slaps you but does no damage.
Aizul coils herself and waves her upper body at you.
The bolt of poison hits you!!
You are lethally poisoned!
* * * LOW HITPOINT WARNING * * *
You block the tyrant leech's attack.
You completely miss the alligator.
The alligator is lightly wounded.
You die...

♣♣~......♣♣♣.≈.≈≈≈♣~.♣
♣..♣~≈≈.♣ ♣.....≈♣..♣
♣...~...♣♣♣.♣♣♣.~...♣
♣..≈≈≈≈..♣♣~~.$♣~~~..
♣♣.....~§~♣..≈....~...
♣.~.~♣~♣.~..~≈≈≈≈..~.♣♣
♣..~~♣♣~♣...~~..).~~~..
..♣~~.♣.....≈W~♣.~.~~~
~≈.≈≈.♣♣.~~~~.S@~...~~~
....(..♣♣~~.~~~.wt~~~~~♣
≈♣ ≈≈≈.♣..~~~~~~..~~~~~.
≈ ...≈...§~....~...~.~~.
..~§~.≈≈~....≈.≈≈♣
..~.~.≈~♣.≈.≈.≈≈≈
.~~~...♣~≈.≈...~
≈.~~.♣♣~≈...≈≈♣


You could see Aizul, an alligator, a tyrant leech and a shadow.

Vanquished Creatures
  Rupert (D:14)
  Jorgrun (D:14)
  Kirke (D:12)
  An emperor scorpion (D:15)
  2 ghost moths
  An orc warlord (Orc:2)
  An entropy weaver (Spider:1)
  A spark wasp (Spider:2)
  A dire elephant (Lair:5)
  Josephine (D:11)
  Fannar (D:11)
  5 hydras
  A ghost crab (Swamp:1)
  Harold (D:7)
  A catoblepas (Lair:4)
  A merfolk avatar (Lair:6)
  A shambling mangrove (Swamp:1)
  9 death yaks
  A two-headed ogre (D:11)
  An alligator (Swamp:1)
  An ogre mage (Orc:2)
  Sonja (Lair:4)
  Nergalle (Lair:3)
  An unseen horror (D:14)
  A sea snake (Lair:6)
  A lindwurm (Lair:5)
  3 orc knights
  2 harpies (Lair:6)
  An oklob plant (Lair:6)
  5 orb spiders
  10 wolf spiders
  A wolf spider zombie (D:15)
  A salamander (D:15)
  An orc sorcerer (Orc:1)
  2 cyclopes
  3 manticores
  8 ugly things
  6 elephants
  5 black mambas
  3 torpor snails
  A guardian serpent (shapeshifter) (D:13)
  11 cane toads
  2 gargoyles (D:12)
  6 komodo dragons
  A kobold demonologist (D:12)
  5 rime drakes
  A freezing wraith (D:13)
  5 demonic crawlers
  3 polar bears (Lair:6)
  A queen bee (Lair:5)
  3 meliai (Lair:5)
  4 trolls
  9 jumping spiders
  A bog body (Swamp:1)
  3 tyrant leeches (Spider:2)
  A wind drake (Lair:6)
  4 hornets
  13 blink frogs
  Grinder (D:6)
  13 slime creatures
  7 dream sheep
  Prince Ribbit (D:9)
  11 removed hippogriffs
  14 tarantellas
  3 wraiths
  27 redbacks
  A spriggan (Swamp:1)
  A shadow (D:15)
  5 wyverns
  A vampire (D:13)
  A golden eye (shapeshifter) (D:14)
  3 hogs (D:12)
  30 yaks
  4 removed hungry ghosts
  3 wargs (Orc:2)
  3 removed soldier ants
  28 water moccasins
  Duvessa (D:5)
  10 removed porcupines
  7 ice beasts
  38 orc warriors
  A swamp drake (Lair:2)
  3 black bears
  2 necrophages
  4 phantoms
  3 sky beasts
  A hornet zombie (D:13)
  17 ogres
  9 removed crocodiles
  21 centaurs
  8 kobold brigands
  20 bullfrogs
  A wyvern zombie (D:8)
  An earth elemental (Spider:2)
  A water moccasin zombie (Ossuary)
  Dowan (D:5)
  A wyvern skeleton (D:8)
  6 scorpions
  21 killer bees (Lair:5)
  3 electric eels
  17 wights
  3 howler monkeys
  7 crimson imps
  5 bullfrog zombies (Ossuary)
  A quasit (D:13)
  2 jellies
  15 orc wizards
  4 centaur skeletons
  12 orc priests
  4 centaur zombies
  A gnoll bouda (D:6)
  6 hounds
  3 iguanas
  12 removed worker ants
  A killer bee zombie (D:8)
  A hound zombie (D:8)
  A hound skeleton (D:5)
  8 mummies (Ossuary)
  4 removed worker ant zombies
  5 gnolls
  25 adders
  3 howler monkey skeletons
  8 shadow imps
  2 endoplasms (D:2)
  5 adder zombies (Ossuary)
  2 adder skeletons
  5 worms
  3 dart slugs
  84 orcs
  7 removed leopard geckos
  11 bats
  7 giant cockroaches
  16 goblins
  11 hobgoblins
  22 jackals
  A quokka (D:6)
  A ball python skeleton (D:4)
  4 frilled lizards
  A giant cockroach zombie (Ossuary)
  A jackal zombie (Ossuary)
  37 kobolds
  A quokka skeleton (D:5)
  2 quokka zombies (Ossuary)
  7 rats
  2 removed leopard gecko skeletons (D:4)
  3 removed leopard gecko zombies
884 creatures vanquished.

Vanquished Creatures (collateral kills)
  2 emperor scorpions (Spider:2)
  A rakshasa (D:15)
  2 wolf spiders
  2 demonic crawlers
  An efreet (D:15)
  A freezing wraith (D:14)
  7 jumping spiders
  A tyrant leech (Spider:2)
  3 hornets (Swamp:1)
  21 redbacks
  8 tarantellas
  A yak (D:14)
  A removed porcupine (Lair:3)
  An orc warrior (Bailey)
  A gnoll (Bailey)
  An orc (Bailey)
  A goblin (Bailey)
  A hobgoblin (Bailey)
  3 kobolds (Bailey)
59 creatures vanquished.

Vanquished Creatures (others)
  2 humans (D:12)
2 creatures vanquished.

Grand Total: 945 creatures vanquished

Notes
Turn   | Place    | Note
-------+----------+-------------------------------------------
     0 | D:1      | Partyfoot the Draconian Conjurer began the quest for the
                  | Orb.
     0 | D:1      | Reached XP level 1. HP: 14/14 MP: 3/3
   256 | D:1      | Reached XP level 2. HP: 22/22 MP: 1/5
   443 | D:1      | Reached skill level 1 in Fighting
  1285 | D:2      | Reached XP level 3. HP: 28/28 MP: 6/6
  1805 | D:2      | Reached XP level 4. HP: 35/36 MP: 5/8
  2356 | D:3      | Found a transporter.
  2356 | D:3      | Noticed an ogre
  2357 | D:3      | Noticed elbee's ghost (weakling MiBe)
  2358 | D:3      | Found a transporter.
  2358 | D:3      | Noticed an ogre
  2385 | D:3      | Reached skill level 3 in Spellcasting
  2842 | D:3      | Found an opulent altar of Gozag.
  3438 | D:3      | Reached XP level 5. HP: 44/44 MP: 3/10
  3658 | D:3      | Reached XP level 6. HP: 22/52 MP: 0/11
  4335 | D:4      | Found a radiant altar of Vehumet.
  4343 | D:4      | Reached skill level 4 in Spellcasting
  4349 | D:4      | Became a worshipper of Vehumet
  5024 | D:4      | Your scales start taking on a pale cyan-grey colour.
  5024 | D:4      | Reached XP level 7. HP: 45/60 MP: 6/13
  5393 | D:5      | Entered Level 5 of the Dungeon
  5698 | D:5      | Found a bloodstained altar of Trog.
  5779 | D:5      | Reached skill level 5 in Fighting
  5779 | D:5      | Reached skill level 5 in Stealth
  6061 | D:5      | Found a staircase to the Ecumenical Temple.
  6110 | D:5      | Reached skill level 5 in Spellcasting
  6219 | D:5      | Noticed Dowan
  6221 | D:5      | Noticed Duvessa
  6235 | D:5      | Killed Dowan
  6249 | D:5      | Killed Duvessa
  6249 | D:5      | Reached XP level 8. HP: 30/70 MP: 13/16
  6478 | D:5      | Learned a level 4 spell: Iskenderun's Mystic Blast
  7246 | D:6      | Upgraded the game from 0.24-a0-249-g2af7e83 to
                  | 0.24-a0-250-g6074511
  7306 | D:6      | Noticed Grinder
  7844 | D:6      | Reached * piety under Vehumet
  7844 | D:6      | Offered knowledge of Sting by Vehumet.
  7972 | D:6      | Paralysed by Grinder for 6 turns
  7978 | D:6      | Killed Grinder
  7978 | D:6      | Reached skill level 6 in Spellcasting
  8065 | D:6      | Reached skill level 5 in Conjurations
  8065 | D:6      | Reached XP level 9. HP: 78/78 MP: 18/18
  8466 | D:7      | Found a sacrificial altar of Ru.
  8543 | D:7      | Noticed Harold
  8592 | D:7      | Killed Harold
  8949 | D:7      | Found a runed translucent gate.
  8949 | D:7      | Found a runed translucent gate.
  8949 | D:7      | Found a runed translucent gate.
  8949 | D:7      | Noticed elbee's ghost (novice MiBe)
  9401 | D:8      | Offered knowledge of Throw Flame by Vehumet.
  9404 | D:8      | Reached ** piety under Vehumet
  9698 | D:8      | Found a sand-covered staircase.
  9706 | Ossuary  | Entered an ossuary
  9738 | Ossuary  | Reached skill level 5 in Dodging
  9738 | Ossuary  | Reached XP level 10. HP: 88/88 MP: 8/19
 10210 | Ossuary  | Offered knowledge of Ignite Poison by Vehumet.
 10568 | D:8      | Reached *** piety under Vehumet
 10960 | D:8      | Found an iron altar of Okawaru.
 11181 | D:8      | Offered knowledge of Mephitic Cloud by Vehumet.
 11817 | D:8      | Found Meick's Book Shoppe.
 11862 | D:8      | Bought a book of Flames for 385 gold pieces
 11868 | D:8      | Learned a level 5 spell: Fireball
 11872 | D:8      | Learned a level 7 spell: Conjure Flame
 11877 | D:8      | Learned a level 4 spell: Sticky Flame
 12043 | D:9      | Reached skill level 1 in Fire Magic
 12250 | D:9      | Reached skill level 7 in Spellcasting
 12660 | D:9      | Found an ornate altar of the Wu Jian Council.
 12944 | D:9      | Noticed Prince Ribbit
 12959 | D:9      | Killed Prince Ribbit
 12984 | D:9      | Reached **** piety under Vehumet
 13050 | D:9      | Noticed a green ugly thing
 13090 | D:9      | Offered knowledge of Iskenderun's Battlesphere by Vehumet.
 13230 | D:9      | Reached XP level 11. HP: 97/97 MP: 14/22
 13664 | D:9      | Killed a green ugly thing
 13664 | D:9      | Reached skill level 1 in Shields
 13880 | D:10     | Entered Level 10 of the Dungeon
 13992 | D:10     | Reached skill level 5 in Fire Magic
 14537 | D:10     | Found a sacrificial altar of Ru.
 14600 | D:10     | Learned a level 1 spell: Apportation
 14611 | D:11     | Found a staircase to the Orcish Mines.
 14868 | D:11     | Reached skill level 1 in Maces & Flails
 14926 | D:11     | Noticed a two-headed ogre
 14928 | D:11     | Found a staircase to the Lair.
 14936 | D:11     | Killed a two-headed ogre
 15052 | D:11     | Noticed a white ugly thing
 15369 | Lair:1   | Entered Level 1 of the Lair of Beasts
 15500 | Lair:1   | Reached ***** piety under Vehumet
 15573 | Lair:1   | Offered knowledge of Bolt of Magma by Vehumet.
 16143 | Lair:1   | Reached skill level 8 in Spellcasting
 16285 | Lair:1   | Found the +5 robe of Night {Dark MR+ SInv}
 16372 | Lair:2   | Found a staircase to the Swamp.
 16619 | Lair:2   | Reached skill level 1 in Translocations
 16669 | Lair:2   | Found an iron altar of Okawaru.
 16682 | Lair:2   | Reached skill level 5 in Maces & Flails
 16682 | Lair:2   | Reached XP level 12. HP: 105/105 MP: 20/24
 16712 | Lair:2   | Learned a level 2 spell: Blink
 18329 | Lair:3   | Noticed a five-headed hydra
 18337 | Lair:3   | Killed a five-headed hydra
 18777 | Lair:3   | Found a transporter.
 18777 | Lair:3   | Found a transporter.
 18779 | Lair:3   | Noticed Vlans's ghost (journeyman DEFE)
 19357 | Lair:4   | Noticed a death yak
 19359 | Lair:4   | Noticed a death yak
 19368 | Lair:4   | Noticed a death yak
 19475 | Lair:3   | Killed a death yak
 19505 | Lair:3   | Noticed Nergalle
 19527 | Lair:3   | Killed Nergalle
 19737 | Lair:3   | Killed a death yak
 19879 | Lair:3   | Killed a death yak
 19879 | Lair:3   | Reached skill level 9 in Spellcasting
 19923 | Lair:4   | Noticed a four-headed hydra
 20153 | Lair:4   | Noticed a death yak
 20169 | Lair:4   | Killed a death yak
 20182 | Lair:4   | Noticed Sonja
 20184 | Lair:4   | Killed Sonja
 20235 | Lair:4   | Killed a four-headed hydra
 20355 | Lair:4   | Noticed a catoblepas
 20372 | Lair:4   | Noticed a death yak
 20396 | Lair:4   | Killed a catoblepas
 20396 | Lair:4   | Reached XP level 13. HP: 35/111 MP: 0/26
 21208 | Lair:4   | Found a hole to the Spider Nest.
 21754 | D:8      | Bought a book of Ice for 715 gold pieces
 21761 | D:8      | Learned a level 5 spell: Freezing Cloud
 22154 | Lair:5   | Reached skill level 1 in Air Magic
 22162 | Lair:5   | Reached skill level 1 in Ice Magic
 23821 | Lair:6   | Entered Level 6 of the Lair of Beasts
 24549 | Lair:6   | Reached skill level 10 in Fighting
 25406 | Lair:6   | Reached skill level 10 in Spellcasting
 25455 | Lair:6   | Offered knowledge of Iron Shot by Vehumet.
 25498 | Lair:6   | Noticed a dire elephant
 25534 | Lair:6   | Reached skill level 5 in Shields
 25651 | Lair:6   | Reached XP level 14. HP: 76/121 MP: 20/28
 26472 | Lair:6   | Found an iron altar of Okawaru.
 26583 | Lair:6   | Found a viscous altar of Jiyva.
 26583 | Lair:6   | Found a staircase to the Slime Pits.
 27101 | Lair:6   | Reached skill level 5 in Air Magic
 27688 | Lair:6   | Upgraded the game from 0.24-a0-250-g6074511 to
                  | 0.24-a0-252-g5076262
 27861 | Orc:1    | Entered Level 1 of the Orcish Mines
 28022 | Orc:1    | Found a radiant altar of Vehumet.
 28456 | Orc:2    | Entered Level 2 of the Orcish Mines
 28713 | Orc:2    | Found a staircase to the Elven Halls.
 29220 | Orc:2    | Learned a level 4 spell: Summon Lightning Spire
 29316 | Orc:2    | Noticed an orc warlord
 29342 | Orc:2    | Killed an orc warlord
 29342 | Orc:2    | Reached skill level 5 in Ice Magic
 29611 | Orc:2    | Reached skill level 1 in Summonings
 30463 | Orc:2    | Offered knowledge of Irradiate by Vehumet.
 30824 | Orc:2    | Reached ****** piety under Vehumet
 31369 | Orc:2    | Found Diricva Qehi's Jewellery Shoppe.
 31369 | Orc:2    | Found Exzefef's General Store.
 31371 | Orc:2    | Found Edick's Distillery.
 31373 | Orc:2    | Found Cuolua Qiane's Antique Weapon Emporium.
 31755 | Orc:2    | Bought an uncursed ring of see invisible for 240 gold
                  | pieces
 31755 | Orc:2    | Bought an uncursed ring of wizardry for 480 gold pieces
 31942 | D:11     | Noticed Fannar
 31952 | D:11     | Killed Fannar
 32225 | D:11     | Found the +4 skin of Zhor {Hibernate rC+++ SInv}
 32389 | D:11     | Noticed Josephine
 32397 | D:11     | Killed Josephine
 32655 | D:12     | Noticed Kirke
 32659 | D:12     | Noticed a sphinx
 32681 | D:12     | Killed Kirke
 33323 | D:12     | Reached skill level 11 in Spellcasting
 33718 | D:12     | You fall through a shaft for 3 floors!
 33718 | D:15     | Entered Level 15 of the Dungeon
 33746 | D:15     | Learned a level 4 spell: Airstrike
 34066 | D:15     | Reached XP level 15. HP: 120/126 MP: 24/30
 34423 | D:15     | Offered knowledge of Orb of Destruction by Vehumet.
 34910 | D:15     | Found a staircase to the Depths.
 35141 | D:14     | Noticed Jorgrun
 35157 | D:14     | Killed Jorgrun
 35242 | D:14     | Found a gate leading to a gauntlet.
 35286 | Gauntlet | Entered a Gauntlet
 35286 | Gauntlet | Found a transporter.
 35395 | D:14     | Found a portal to a secret trove of treasure.
 35431 | D:14     | Found a flagged portal.
 35434 | D:14     | Noticed Rupert
 35467 | D:14     | Killed Rupert
 35693 | Bailey   | Entered a bailey
 36718 | D:13     | Found a gate to the Vaults.
 36765 | D:13     | Offered knowledge of Poison Arrow by Vehumet.
 37503 | Swamp:1  | Entered Level 1 of the Swamp
 37541 | Swamp:1  | Noticed Aizul
 37680 | Spider:1 | Entered Level 1 of the Spider Nest
 37805 | Spider:1 | Noticed a ghost moth
 38026 | Spider:1 | Killed a ghost moth
 40345 | Spider:2 | Found a runed translucent door.
 40345 | Spider:2 | Noticed edsrzf's ghost (adept TeFE)
 40348 | Spider:2 | Reached skill level 5 in Summonings
 40646 | Spider:2 | Offered knowledge of Conjure Ball Lightning by Vehumet.
 41182 | Spider:2 | Noticed a ghost moth
 41956 | Spider:2 | Killed a ghost moth
 42616 | Spider:2 | Reached skill level 12 in Spellcasting
 43391 | Spider:2 | Paralysed by a hornet for 2 turns
 43493 | Spider:2 | Reached XP level 16. HP: 44/134 MP: 22/32
 46185 | Swamp:1  | Paralysed by a hornet for 1 turns
 46574 | Lair:2   | Upgraded the game from 0.24-a0-252-g5076262 to
                  | 0.24-a0-291-g79c1ce7
 46574 | Lair:2   | Upgraded the game from 0.24-a0-291-g79c1ce7 to
                  | 0.25-a0-35-g747a2b3
 46574 | Lair:2   | Upgraded the game from 0.25-a0-35-g747a2b3 to
                  | 0.25-a0-404-gc1b5a34
 46574 | Lair:2   | Upgraded the game from 0.25-a0-404-gc1b5a34 to
                  | 0.31-a0-1001-g770356a
 46608 | Swamp:1  | Succumbed to Aizul's bolt of poison

Illustrated notes

Levels and vault maps discovered:
D:1:      dpeg_arrival_stone_temple_mockup, layout_basic,
          minmay_misc_feat_plants, wad_floor_pattern_untrapped
D:2:      layout_loops_cross, first_ration, minmay_split_cup_large
D:3:      cheibrodos_thug_alley, layout_rooms,
          nicolae_gozag_cash_rules_everything_around_me, gammafunk_ghost_smash
D:4:      layout_rooms, vehumet_altar_wand_db
D:5:      layout_basic, old_standard_altar, minmay_temple_entry_hall,
          uniq_duvessa
D:6:      layout_basic, uniq_grinder
D:7:      layout_basic, gammafunk_ghost_necromancy, basic_altar, uniq_harold
D:8:      layout_basic, serial_shops, shop, chequers_ossuary_entry_cave,
          hangedman_pestilent_swarm, okawaru_altar_gauntlet_db
D:9:      layout_loops_cross, kennysheep_mini_moat, uniq_prince_ribbit1
D:10:     layout_basic, nicolae_ru_the_path_less_chosen
D:11:     layout_irregular_city, due_lair_maze_entry_diamond, orc_0_dummy,
          uniq_fannar, uniq_josephine
D:12:     layout_stronghold, uniq_kirke
D:13:     layout_cave_pools, david_vaults_5, serial_column_ruins,
          column_ruins_hut, column_ruins_columns_straight, column_ruins_grid_1,
          column_ruins_corridor_dead_end, column_ruins_corridor_corner,
          column_ruins_open_medium, column_ruins_open_tiny
D:14:     layout_irregular_city, gauntlet_entry_generic, enter_trove_3,
          minmay_misc_feat_square, serial_shops, shop, enter_bailey_6,
          uniq_rupert, uniq_jorgrun
D:15:     hangedman_depths_entry_try_elsewhere_first, layout_basic,
          serial_shops, nicolae_shop_temple_entry_statues_fountains,
          hangedman_decor_push, tgw_sif
Lair:1:   layout_roguey
Lair:2:   lemuel_reptile_caves, layout_hall_layers, swamp_mist, basic_altar,
          guppyfry_lair_drakes
Lair:3:   layout_regular_city, gammafunk_ghost_hive, uniq_nergalle
Lair:4:   layout_cave_shapes, nicolae_spider_entry_orb_guardian, uniq_sonja
Lair:5:   layout_gridlike, special_room [special_room_bee],
          infiniplex_staircase_pool_2, grunt_megastairs_5
Lair:6:   gammafunk_lair_ancient_temple, layout_regular_city, slime_altar_1,
          lemuel_oklob_altar
Swamp:1:  layout_falls_marsh, serial_swamp_ruin, evilmike_swamp_ruin_house_1,
          hangedman_swamp_ruin_wall, evilmike_swamp_ruin_rubble_1, uniq_aizul
Spider:1: layout_spider_delve
Spider:2: layout_spider_delve, gammafunk_ghost_grave, hive_lemuel
Spider:3: layout_spider_delve, hangedman_stitches_earthworm
Orc:1:    layout_diamond_mine, basic_altar
Orc:2:    st_orc_rangers, layout_caves, mines4_lemuel
Ossuary:  ossuary_zaba_flooded
Bailey:   bailey_axe_4, bailey
Gauntlet: minmay_gauntlet_mixed_oops_all_seconds
          [minmay_gauntlet_arena_77_chump_sandwich,
          gammafunk_gauntlet_arena_grid, minmay_gauntlet_arena_77_mirror,
          nicolae_gauntlet_arena_blocks, minmay_gauntlet_arena_77_cramped,
          gammafunk_gauntlet_arena_chambers, gauntlet_exit_spiral]

Skill      XL: |  1  2  3  4  5  6  7  8  9 10 11 12 13 14 15 |
---------------+----------------------------------------------+-----
Stealth        | 2 3 4 5 6 7 8 |  8.0
Fighting       | 1 2 3 4 5 6 8 9 10 | 10.2
Spellcasting   | 3 4 5 6 7 8 9 10 11 12 | 12.4
Dodging        | 3 5 6 7 8 9 |  9.4
Conjurations   | 5 6 7 8 9 |  9.0
Fire Magic     | 4 7 8 |  8.0
Shields        | 4 5 7 9 |  9.6
Maces & Flails | 5 8 9 |  9.7
Translocations | 1 2 |  2.0
Air Magic      | 4 6 9 |  9.7
Ice Magic      | 3 6 8 |  8.9
Summonings     | 3 5 |  5.1

Action                     |  1- 3 |  4- 6 |  7- 9 | 10-12 | 13-15 | 16-18 || total
---------------------------+-------+-------+-------+-------+-------+-------++-------
  Melee: Club              |    70 |    10 |       |       |       |       ||    80
         Tailslap          |     3 |    14 |    16 |    48 |   101 |    15 ||   197
         Hand axe          |       |   121 |    22 |       |       |       ||   143
         Dagger            |       |       |   122 |    22 |       |       ||   144
         Morningstar       |       |       |     1 |   123 |       |       ||   124
         Whip              |       |       |       |   349 |  1018 |   100 ||  1467
  Throw: Stone             |       |     2 |       |       |       |       ||     2
   Cast: Magic Dart        |    80 |   181 |   178 |   482 |   468 |    14 ||  1403
         Iskenderun's Myst |       |       |       |    38 |    96 |     1 ||   135
         Fireball          |       |       |       |    23 |    91 |     2 ||   116
         Sticky Flame      |       |       |       |    46 |   173 |    33 ||   252
         Conjure Flame     |       |       |       |    13 |     8 |       ||    21
         Freezing Cloud    |       |       |       |       |     5 |       ||     5
         Summon Lightning  |       |       |       |       |    63 |    19 ||    82
         Airstrike         |       |       |       |       |    21 |       ||    21
         Blink             |       |       |       |       |     1 |       ||     1
Ability: Breathe Steam     |       |       |    30 |    31 |    19 |     1 ||    81
  Evoke: Wand              |       |       |       |     1 |     4 |       ||     5
    Use: Scroll            |       |     7 |       |    19 |    13 |       ||    39
         Potion            |       |       |       |     4 |     6 |    10 ||    20
   Stab: Sleeping          |       |     5 |     6 |     7 |     9 |       ||    27
         Distracted        |       |       |       |     3 |     4 |     1 ||     8
    Eat: Removed food      |     4 |     7 |    11 |    28 |    65 |     3 ||   118
         Removed food      |       |     1 |     2 |     7 |    10 |     2 ||    22
 Armour: Skin              |    41 |    58 |    77 |   180 |   352 |    62 ||   770
  Dodge: Dodged            |    88 |   106 |   115 |   426 |   868 |   119 ||  1722
  Block: Buckler           |       |       |       |    72 |   284 |    49 ||   405
         Tower shield      |       |       |       |       |    40 |    25 ||    65

Table legend: (Time is in decaauts)
 A = Elapsed time spent in this place.
 B = Non-inter-level travel time spent in this place.
 C = Inter-level travel time spent in this place.
 D = Time resting spent in this place.
 E = Time spent auto-exploring this place.
 F = Levels seen in this place.
 G = Mean time per level.
                   A        B        C        D        E       F      G
               +--------+--------+--------+--------+--------+-----+--------+
         Total |  46478 |  40184 |   6294 |  19336 |   9109 |  30 | 1549.3 |
       Dungeon |  20322 |  17363 |   2959 |   6689 |   5493 |  15 | 1354.8 |
          Lair |  12490 |  11134 |   1356 |   4962 |   2797 |   6 | 2081.7 |
         Swamp |    627 |    561 |     66 |    387 |      0 |   1 |  627.0 |
   Spider Nest |   7728 |   6616 |   1112 |   5149 |    136 |   3 | 2576.0 |
  Orcish Mines |   3902 |   3101 |    801 |   1544 |    580 |   2 | 1951.0 |
       Ossuary |    719 |    719 |      0 |    316 |     62 |   1 |  719.0 |
        Bailey |    622 |    622 |      0 |    232 |     41 |   1 |  622.0 |
      Gauntlet |     64 |     64 |      0 |     57 |      0 |   1 |   64.0 |
               +--------+--------+--------+--------+--------+-----+--------+

Top non-repeatable levels by time:
 Swamp:1: 25 daAuts
  Lair:2: 11 daAuts
Note: time per level data comes from an upgraded game and may be incomplete.
